 Dungeon Crawl Stone Soup version 0.14.1-1-g650416f (webtiles) character file.

4188 RogerD the Sculptor of Flesh (level 9, -14/65 HPs)
             Began as a Demonspawn Death Knight on May 2, 2014.
             Was an Elder of Yredelemnul.
             Demolished by merphle's ghost (19 damage)
             ... on Level 9 of the Dungeon.
             The game lasted 01:36:28 (7698 turns).

RogerD the Sculptor of Flesh (DsDK)                 Turns: 7698, Time: 01:36:28

HP -14/65        AC 15     Str 14      XL: 9   Next: 98%
MP  22/22        EV  6     Int 12      God: Yredelemnul [****..]
Gold 341         SH  0     Dex 16      Spells:  0 memorised,  8 levels left

rFire  . . .     SeeInvis .     a - +1,+0 short sword
rCold  . . .     Clarity  .     l - +3 chain mail
rNeg   . . .     Conserve .     (no shield)
rPois  .         rCorr    .     (no helmet)
rElec  .         rRot     .     (no cloak)
SustAb . .       Spirit   .     (no gloves)
rMut   .         Warding  .     (no boots)
Saprov . . .     Stasis   .     (no amulet)
MR     +....                    P - ring of protection from magic {unknown}
                                n - +0,+9 ring of slaying

@: about to teleport, somewhat resistant to hostile enchantments, extremely
unstealthy
A: hooves 1, yellow scales 1, demonic guardian 1, spiny 2
a: Animate Dead, Recall Undead Slaves, Injury Mirror, Drain Life, Renounce
Religion


You were on level 9 of the Dungeon.
You worshipped Yredelemnul.
Yredelemnul was greatly pleased with you.
You were hungry.

You visited 1 branch of the dungeon, and saw 10 of its levels.

You collected 341 gold pieces.

Inventory:

Hand weapons
 a - a +1,+0 short sword (weapon)
 d - a +0,+2 sling
 w - a +0,+0 short sword
Missiles
 V - 3 throwing nets (quivered)
Armour
 b - a +0 leather armour
 g - a +2 robe of magic resistance
 l - a +3 chain mail (worn)
 r - a +0 scale mail
Magical devices
 t - a wand of confusion (8)
 L - a wand of paralysis (13)
 O - a wand of confusion (0)
 W - a wand of enslavement (8)
Comestibles
 Q - 3 bread rations
 R - 6 beef jerkies
 T - a pear
Scrolls
 h - a scroll of recharging {unknown}
 j - a scroll of noise
 o - 2 scrolls of teleportation
 p - 3 scrolls of fog
 q - 3 scrolls of blinking {unknown}
 s - 3 scrolls of amnesia {unknown}
 u - 8 scrolls of remove curse
 y - 4 scrolls of enchant weapon II {unknown}
 B - 2 scrolls of fear {unknown}
 C - 2 scrolls of identify
 H - 2 scrolls of enchant weapon I {unknown}
 K - 2 scrolls of random uselessness {unknown}
 U - a scroll of summoning {unknown}
Jewellery
 k - a +1 ring of strength
 n - a +0,+9 ring of slaying (left hand)
 v - a +2 ring of strength
 x - an uncursed ring of magical power
 D - an uncursed ring of teleport control
 G - an uncursed ring of fire
 N - a +1 ring of dexterity
 P - a ring of protection from magic (right hand) {unknown}
Potions
 c - 6 potions of curing
 e - 3 potions of brilliance
 f - a potion of magic {unknown}
 i - 2 potions of lignification {unknown}
 m - a potion of resistance
 z - 2 potions of poison {unknown}
 A - a potion of agility {unknown}
 F - 2 potions of heal wounds
 I - a potion of flight {unknown}
 J - a potion of might {unknown}
 M - a potion of invisibility {unknown}
 S - a potion of restore abilities {unknown}


   Skills:
 + Level 4.2 Fighting
 + Level 5.3 Short Blades
 + Level 1.0 Throwing
 + Level 6.4 Armour
 + Level 6.3 Dodging
 + Level 1.1 Stealth
 + Level 10.5 Invocations


You had 8 spell levels left.
You didn't know any spells.

Dungeon Overview and Level Annotations

Branches:
Dungeon (10/15)            Temple (0/1) D:5
    Orc: D:9-12        Lair: D:8-11

Altars:
Fedhas
Kikubaaqudgha
Makhleb
Nemelex Xobeh
Sif Muna
Trog
Xom

Shops:
D:9 *

Annotations:
D:9 merphle's ghost, experienced GrBe


Innate Abilities, Weirdness & Mutations

You have large cloven feet.
You are partially covered in yellow scales (AC +2).
A weak demonic guardian rushes to your aid.
You are mostly covered in sharp spines.


Message History

Unknown command.
Drink which item? (? for menu, Esc to quit)
You feel much better. Merphle's ghost hits you! Merphle's ghost burns you.
Drink which item? (? for menu, Esc to quit)
Okay, then.
Read which item? (? for menu, Esc to quit)
As you read the scroll of teleportation, it crumbles to dust.
You feel strangely unstable.
Merphle's ghost hits you but does no damage.
You hit merphle's ghost. Your kick misses merphle's ghost.
Merphle's ghost is lightly damaged.
Merphle's ghost hits you!
* * * LOW HITPOINT WARNING * * *
Merphle's ghost burns you!
* * * LOW HITPOINT WARNING * * *
Unknown command.
Your chain mail prevents you from hitting merphle's ghost.
Merphle's ghost hits you!
You die...
Your body rises from the dead as a mindless zombie.

###.#
####...##
.........#
#....#
###..####
#...>.#
#.....###
#...p...#
#..#@...#
#..#....#
#..######
#..# #..#
#..# #..#
#..#### #.
#.....#


You could see merphle's ghost.

Vanquished Creatures
  Pikel (D:9)
  Grinder (D:3)
  A black bear (D:8)
  2 centaurs
  2 ogres (D:7)
  3 big kobolds
  A gnoll sergeant (D:8)
  2 giant frogs
  4 wights (D:3)
  2 goliath beetles
  3 crimson imps
  10 hounds
  2 orc wizards
  A gnoll shaman (D:8)
  A jelly (D:5)
  An orc priest (D:3)
  2 iguanas
  6 worker ants
  Jessica (D:3)
  An ogre skeleton (D:3)
  Terence (D:3)
  15 gnolls
  6 adders
  A giant mite (D:1)
  3 worms
  A giant eyeball (D:4)
  5 giant geckos
  11 orcs
  A ball python (D:3)
  6 giant cockroaches
  9 goblins
  9 hobgoblins
  7 jackals
  17 kobolds
  10 bats
  6 giant newts
  A hobgoblin zombie (D:7)
  2 jackal skeletons
  A kobold zombie (D:7)
  2 orc zombies
  8 rats
  2 ballistomycetes (D:7)
171 creatures vanquished.

Vanquished Creatures (collateral kills)
  A gargoyle (D:9)
  An orc warrior (D:9)
  A hydra zombie (D:9)
  A deep elf mage (D:9)
  Grum (D:8)
  A wolf (D:8)
  A hungry ghost (D:8)
  A slave (D:9)
  2 gnoll sergeants (D:8)
  2 scorpions
  A hippogriff skeleton (D:8)
  A gnoll shaman (D:8)
  6 hounds (D:8)
  An iguana (D:8)
  3 orc wizards (D:9)
  A big kobold zombie (D:7)
  10 gnolls (D:8)
  3 adders
  A shadow imp (D:7)
  An adder skeleton (D:9)
  A giant gecko (D:9)
  8 orcs
  5 goblins
  2 hobgoblins (D:3)
  3 jackals
  2 quokkas
  6 bats
  2 giant newts (D:3)
  6 kobolds
  A kobold zombie (D:7)
  A quokka skeleton (D:4)
  5 rats
82 creatures vanquished.

Vanquished Creatures (others)
  5 flying skulls (D:9)
  2 slaves (D:9)
  A centaur zombie (D:9)
  8 crimson imps
  7 iron imps
  A black bear zombie (D:8)
  An elf zombie (D:9)
  A hound (D:9)
  3 quasits
  An ogre zombie (D:7)
  3 hound zombies (D:8)
  A dwarf skeleton (D:7)
  A mummy (D:8)
  3 white imps
  6 ufetubi
  A bat zombie (D:4)
  4 gnoll zombies
  2 kobolds (D:7)
  A ball python zombie (D:3)
  2 giant cockroach zombies (D:1)
  A giant gecko zombie (D:3)
  A giant newt zombie (D:1)
  A giant spore (D:7)
  2 goblin zombies
  3 hobgoblin zombies
  6 kobold zombies
  7 orc zombies
  A quokka zombie (D:3)
  3 rat zombies
79 creatures vanquished.

Grand Total: 332 creatures vanquished

Notes
Turn   | Place    | Note
--------------------------------------------------------------
     0 | D:1      | RogerD, the Demonspawn Death Knight, began the quest for the Orb.
     0 | D:1      | Reached XP level 1. HP: 16/16 MP: 2/2
   398 | D:1      | Reached skill level 1 in Armour
   428 | D:1      | Reached skill level 4 in Invocations
   449 | D:1      | Gained mutation: You have large cloven feet. [demonic ancestry]
   449 | D:1      | Reached XP level 2. HP: 22/22 MP: 4/4
   824 | D:1      | Gained mutation: A weak demonic guardian rushes to your aid. [demonic ancestry]
   824 | D:1      | Reached XP level 3. HP: 20/28 MP: 6/6
   850 | D:1      | Acquired Yredelemnul's second power
  1190 | D:2      | Reached skill level 5 in Invocations
  1222 | D:2      | Reached skill level 1 in Dodging
  1713 | D:3      | Reached XP level 4. HP: 34/34 MP: 8/8
  1882 | D:3      | Reached XP level 5. HP: 32/39 MP: 10/10
  1903 | D:3      | Noticed Grinder
  1904 | D:3      | Noticed Jessica
  1931 | D:3      | Killed Grinder
  1931 | D:3      | Reached skill level 6 in Invocations
  1931 | D:3      | Gained mutation: You are partially covered in sharp spines. [demonic ancestry]
  1931 | D:3      | Reached XP level 6. HP: 42/46 MP: 11/14
  1960 | D:3      | Reached skill level 7 in Invocations
  1967 | D:3      | Killed Jessica
  2007 | D:3      | Reached XP level 7. HP: 43/51 MP: 10/17
  2136 | D:3      | Reached skill level 8 in Invocations
  2384 | D:3      | Acquired Yredelemnul's third power
  2475 | D:3      | Noticed Terence
  2484 | D:3      | Killed Terence
  2555 | D:3      | Found a shimmering altar of Xom.
  3432 | D:4      | Paralysed by a giant eyeball for 3 turns
  3882 | D:5      | Entered Level 5 of the Dungeon
  3903 | D:5      | Found an ancient bone altar of Kikubaaqudgha.
  3927 | D:5      | Found a staircase to the Ecumenical Temple.
  3977 | D:5      | Found a sparkling altar of Nemelex Xobeh.
  3996 | D:5      | Reached skill level 9 in Invocations
  4632 | D:6      | Received a gift from Yredelemnul
  4705 | D:6      | Gained mutation: You are mostly covered in sharp spines. [demonic ancestry]
  4705 | D:6      | Reached XP level 8. HP: 54/58 MP: 20/20
  4836 | D:6      | Reached skill level 1 in Stealth
  5271 | D:7      | Found a blossoming altar of Fedhas.
  5671 | D:7      | Found a bloodstained altar of Trog.
  5822 | D:7      | Acquired Yredelemnul's fourth power
  6537 | D:8      | Gained mutation: You are partially covered in yellow scales (AC +2). [demonic ancestry]
  6537 | D:8      | Reached XP level 9. HP: 61/65 MP: 22/22
  6568 | D:8      | Reached skill level 5 in Armour
  6674 | D:8      | Reached skill level 10 in Invocations
  6684 | D:8      | Received a gift from Yredelemnul
  6728 | D:8      | Reached skill level 5 in Dodging
  6773 | D:8      | Noticed Grum
  6774 | D:8      | Killed Grum
  6908 | D:8      | Reached skill level 5 in Short Blades
  6918 | D:8      | Found an ancient bone altar of Kikubaaqudgha.
  6945 | D:8      | Found a deep blue altar of Sif Muna.
  7129 | D:9      | Found Stekh's Demolitions Depot.
  7157 | D:9      | Noticed a gargoyle
  7165 | D:9      | Killed a gargoyle
  7240 | D:9      | Noticed Pikel
  7266 | D:9      | Killed Pikel
  7266 | D:9      | Reached skill level 1 in Throwing
  7269 | D:9      | Found a burning altar of Makhleb.
  7587 | D:9      | Noticed merphle's ghost (experienced GrBe)
  7608 | D:10     | Entered Level 10 of the Dungeon
  7698 | D:9      | Demolished by merphle's ghost

Action                   |  1- 3 |  4- 6 |  7- 9 || total
-------------------------+-------+-------+-------++-------
Melee: Short sword       |    88 |    40 |   380 ||   508
Throw: Throwing net      |       |     1 |     4 ||     5
Invok: Animate Remains   |    13 |    11 |     7 ||    31
       Recall Undead Sla |     1 |     1 |     4 ||     6
       Injury Mirror     |       |     1 |       ||     1
       Animate Dead      |       |       |    23 ||    23
Evoke: Wand              |       |       |     2 ||     2
  Use: Scroll            |     1 |       |    10 ||    11
       Potion            |       |     2 |     9 ||    11
 Stab: Distracted        |       |       |     1 ||     1
